 Dungeon Crawl Stone Soup version 0.31-a0-214-gb37851dbb3 (webtiles) character file.

Game seed: 11566668316292180914

86 qw the Shooter (level 4, -3/26 HPs)
             Began as a Gargoyle Hexslinger on July 1, 2023.
             Slain by an orc
             ... wielding a +0 dagger
              (4 damage)
             ... on level 2 of the Dungeon.
             The game lasted 00:00:48 (1925 turns).

qw the Shooter (Gargoyle Hexslinger)                Turns: 1925, Time: 00:00:49

Health: -3/26      AC:  7    Str:  9 (12) XL:     4   Next: 50%
Magic:  5/5        EV: 11    Int: 11 (13) God:
Gold:   113        SH:  0    Dex: 11 (14) Spells: 4/5 levels left

rFire   . . .        d - +3 sling
rCold   . . .        (no shield)
rNeg    + . .        h - +0 leather armour
rPois   inf          e - +0 helmet
rElec   +            (no cloak)
rCorr   .            (no gloves)
SInv    .            (no boots)
Will    .....        (no amulet)
Stlth   +            (no ring)
HPRegen 0.24/turn    (no ring)
MPRegen 0.09/turn

%: no passive effects
@: no status effects
A: sickness immunity, AC +3, negative energy resistance 1, electricity
resistance, torment resistance 1, petrification resistance
a: no special abilities


You were on level 2 of the Dungeon.
You visited 1 branch of the dungeon, and saw 3 of its levels.

You collected 113 gold pieces.


Innate Abilities, Weirdness & Mutations

You are immune to sickness and miasma.
Your stone body is resilient. (AC +3)
You are immune to poison.
You resist negative energy. (rN+)
You are resistant to electric shocks. (rElec)
You are resistant to unholy torment.
You are immune to petrification.


   Skills:
 - Level 2.0 Fighting
 + Level 4.3 Ranged Weapons
 - Level 1.5 Dodging
 - Level 1.0 Spellcasting
 - Level 2.6 Hexes


You had 4 spell levels left.
You knew the following spells:

 Your Spells              Type           Power      Damage    Failure   Level
a - Slow                  Hex            24%        N/A       16%         1

Your spell library contained the following spells:

 Spells                   Type           Power      Damage    Failure   Level
 Inner Flame              Hex/Fire       3%         N/A       61%         3
 Portal Projectile        Hex/Tloc       6%         N/A       61%         3
 Cause Fear               Hex            3%         N/A       83%         4

Inventory:

Hand Weapons
 d - a +3 sling (weapon)
Armour
 e - a +0 helmet (worn)
 h - a +0 leather armour (worn)
Potions
 a - a potion of invisibility {unknown}
 f - a potion of might {unknown}
 g - a potion of resistance {unknown}
 i - a potion of curing {unknown}
 j - a potion of haste {unknown}

Dungeon Overview and Level Annotations

Branches:
Dungeon (3/15)

Altars:

Shops:
D:1 ((   D:2 (

Annotations:
D:2 Natasha


Message History

The orc hits you from afar with a +0 trident!
You climb upwards.
There is a stone staircase leading down here.
Enter note:
Enter note:
Enter note:
Enter note:
Enter note:
Enter note: You shoot a sling bullet.
The sling bullet hits Natasha.
Natasha is moderately wounded.
Natasha extends her claws.
Natasha closely misses you. The orc closely misses you.
The orc hits you but does no damage. The orc closely misses you.
Natasha misses you.
You shoot a sling bullet. The sling bullet barely misses Natasha.
The orc barely misses you. The orc hits you but does no damage. x2
Natasha mumbles some strange words.
Natasha shimmers violently.
Natasha stares at you and mumbles some strange words.
The magic dart hits you.
You shoot a sling bullet. The sling bullet barely misses Natasha.
The orc hits you with a +0 mace. The orc closely misses you.
The orc hits you but does no damage.
Natasha mumbles some strange words.
The orc hits you with a +0 short sword. The orc completely misses you.
The orc barely misses you.
You shoot a sling bullet. The sling bullet barely misses Natasha.
Natasha claws you. The orc hits you but does no damage.
The orc closely misses you. The orc barely misses you.
The cerulean imp hits you from afar with a +3 spear.
You shoot a sling bullet. The sling bullet barely misses Natasha.
Natasha closely misses you. The orc hits you but does no damage. x3
The cerulean imp barely misses you. Natasha barely misses you.
You shoot a sling bullet.
The sling bullet hits Natasha but does no damage.
Natasha is lightly wounded.
The orc hits you with a +0 mace. The orc hits you but does no damage.
The orc hits you with a +0 dagger.
You die...

##..~~.###.# #.# #.# #.#
#..~\~# #.# #.# #.# #.#
###~~~###.## #.# #.# #.#
#.####...####.#######.# #.#
#.####......(#.)..).<.# #.#
#........####.######### #.#
######.######5#### #.#
##.#....ooh..# #.#
########....####@##)# #.#
.........#....##o##.# ###
#.#
########.....#.#.##)#####.##
#.# ##.#.#........)).)#...##
#.#
#.##........#...#.)....###.#
#.##........(.#............#
#.###......##...##.....#....
##.###.....###.####...######
##....##### #.# ##.##


You could see Natasha, a cerulean imp (summoned) and 3 orcs.

Vanquished Creatures
  Robin (D:2)
  3 dart slugs
  An orc (D:3)
  10 bats
  3 endoplasms (D:1)
  2 giant cockroaches (D:1)
  17 goblins
  2 hobgoblins (D:2)
  6 jackals (D:1)
  3 kobolds (D:2)
  6 ball pythons
  3 frilled lizards (D:1)
  3 rats (D:1)
60 creatures vanquished.

Notes
Turn   | Place    | Note
-------+----------+-------------------------------------------
     0 | D:1      | qw the Gargoyle Hexslinger began the quest for the Orb.
     0 | D:1      | Reached XP level 1. HP: 12/12 MP: 2/2
     0 | D:1      | 0 ||| qw: Version: 0.3-a-32-g5962c71
     0 | D:1      | 0 ||| qw: Game counter: 7434
     0 | D:1      | 0 ||| qw: Melee chars always use a shield: true
     0 | D:1      | 0 ||| qw: God list: Okawaru
     0 | D:1      | 0 ||| qw: Allow faded altars: false
     0 | D:1      | 0 ||| qw: Do Orc after clearing Dungeon:15 true
     0 | D:1      | 0 ||| qw: Do second Lair branch before Depths: true
     0 | D:1      | 0 ||| qw: Lair rune preference: random
     0 | D:1      | 0 ||| qw: Goals: Normal
     0 | D:1      | 0 ||| PLANNING D:1-11
   251 | D:1      | Found Aresh's Antique Weapon Boutique.
   261 | D:1      | 261 ||| SHOPLISTING glowing sling (90 gold, have 25).
   318 | D:1      | Reached XP level 2. HP: 11/16 MP: 3/3
   319 | D:1      | 319 ||| FLEEEEING.
   320 | D:1      | 320 ||| FLEEEEING.
   321 | D:1      | 321 ||| FLEEEEING.
   322 | D:1      | 322 ||| FLEEEEING.
   323 | D:1      | 323 ||| FLEEEEING.
   324 | D:1      | 324 ||| FLEEEEING.
   325 | D:1      | 325 ||| FLEEEEING.
   326 | D:1      | 326 ||| FLEEEEING.
   327 | D:1      | 327 ||| FLEEEEING.
   328 | D:1      | 328 ||| FLEEEEING.
   329 | D:1      | 329 ||| FLEEEEING.
   330 | D:1      | 330 ||| FLEEEEING.
   331 | D:1      | 331 ||| FLEEEEING.
   332 | D:1      | 332 ||| FLEEEEING.
   333 | D:1      | 333 ||| FLEEEEING.
   334 | D:1      | 334 ||| FLEEEEING.
   335 | D:1      | 335 ||| FLEEEEING.
   404 | D:1      | Reached skill level 3 in Ranged Weapons
   407 | D:1      | 407 ||| FLEEEEING.
   408 | D:1      | 408 ||| FLEEEEING.
   496 | D:1      | Found Orolau's Weapon Shoppe.
   566 | D:1      | Reached XP level 3. HP: 21/21 MP: 4/4
  1024 | D:1      | 1024 ||| DROPPING scarf of shadows.
  1025 | D:1      | 1025 ||| READING scroll labelled AFI QUFOEM.
  1026 | D:1      | 1026 ||| READING scroll labelled ELIMUR ESYROTH.
  1031 | D:1      | 1031 ||| DRINKING 2 bubbling white potions.
  1054 | D:1      | 1054 ||| DROPPING scroll of poison.
  1055 | D:1      | 1055 ||| DROPPING potion of lignification.
  1189 | D:2      | Found Mierghat's Antique Weapon Shoppe.
  1254 | D:2      | 1254 ||| FLEEEEING.
  1256 | D:2      | 1256 ||| FLEEEEING.
  1258 | D:2      | 1258 ||| FLEEEEING.
  1259 | D:2      | 1259 ||| FLEEEEING.
  1260 | D:2      | 1260 ||| FLEEEEING.
  1261 | D:2      | 1261 ||| FLEEEEING.
  1262 | D:2      | 1262 ||| STAIRDANCE
  1290 | D:2      | 1290 ||| STAIRDANCE
  1316 | D:2      | 1316 ||| STAIRDANCE
  1328 | D:2      | 1328 ||| STAIRDANCE
  1347 | D:2      | 1347 ||| SWAPPING to +3 sling.
  1348 | D:2      | 1348 ||| DROPPING +1 sling.
  1366 | D:2      | Noticed Robin
  1367 | D:2      | Reached XP level 4. HP: 26/26 MP: 5/5
  1372 | D:2      | 1372 ||| Stepping ~*~*~tactically~*~*~ (outnumbered).
  1379 | D:2      | Reached skill level 4 in Ranged Weapons
  1381 | D:2      | HP: 6/26 [Robin/+0 spear (3)]
  1387 | D:2      | HP: 4/26 [Robin/+0 spear (4)]
  1391 | D:2      | HP: 1/26 [Robin/+0 spear (2)]
  1392 | D:2      | Killed Robin
  1877 | D:2      | 1877 ||| UPGRADING to +0 helmet.
  1882 | D:2      | 1882 ||| UPGRADING to +0 leather armour.
  1892 | D:2      | 1892 ||| DROPPING +0 robe.
  1893 | D:2      | 1893 ||| DRINKING 2 viscous inky potions.
  1894 | D:2      | 1894 ||| DROPPING potion of degeneration.
  1915 | D:3      | Noticed Natasha
  1918 | D:3      | 1918 ||| STAIRDANCE
  1923 | D:2      | HP: 5/26 [Natasha (3)]
  1925 | D:2      | HP: 1/26 [orc/+0 mace (2)]
  1925 | D:2      | Slain by an orc

Levels and vault maps discovered:
D:1:      lemuel_arrival_tunnels, layout_loops_corners, serial_shops,
          nicolae_shop_tiny_statue_garden, shop, minmay_heptomino_o4
D:2:      layout_loops_ring, serial_shops, nicolae_shop_tiny_waterfront,
          uniq_robin
D:3:      layout_basic, mainiacjoe_overflow_small_starburst,
          grunt_ministairs_10, serial_park_tiny_2, saegor_snake_ambush,
          uniq_natasha, uniq_sigmund

Skill      XL: |  1  2  3  4 |
---------------+-------------+-----
Ranged Weapons | 3 4 |  4.3
Fighting       | 2 |  2.0
Dodging        | |  1.5
Spellcasting   | |  1.0
Hexes          | |  2.6

Action                     |  1- 3 |  4- 6 || total
---------------------------+-------+-------++-------
   Fire: Sling             |   131 |    39 ||   170
    Use: Scroll            |     2 |       ||     2
         Potion            |     1 |     1 ||     2
 Armour: Robe              |    44 |     7 ||    51
         Leather armour    |       |    11 ||    11
  Dodge: Dodged            |    65 |    36 ||   101

Table legend:
 A = Non-vault XP
 B = Vault XP
 C = Vault XP percentage of total XP
 D = Non-vault monster count
 E = Vault monster count
 F = Vault count percentage of total count
                 A         B        C        D         E       F
            +---------+---------+-------+---------+---------+-------
      Total |      77 |      47 |  37.9 |      43 |      17 |  28.3
            +---------+---------+-------+---------+---------+-------
        D:1 |      48 |      12 |  20.0 |      27 |       6 |  18.2
        D:2 |      26 |      35 |  57.4 |      15 |      11 |  42.3
        D:3 |       3 |       0 |   0.0 |       1 |       0 |   0.0
            +---------+---------+-------+---------+---------+-------
